 Dungeon Crawl Stone Soup version 0.20.0-10-g0535bb4 (webtiles) character file.

651 Gorglomux the Cleaver (level 7, -6/67 HPs)
             Began as a Hill Orc Monk on June 4, 2017.
             Was a Believer of Beogh.
             Mangled by an ogre
             ... wielding a +0 giant club
              (26 damage)
             ... on level 5 of the Dungeon.
             The game lasted 00:04:18 (4244 turns).

Gorglomux the Cleaver (Hill Orc Monk)               Turns: 4244, Time: 00:04:20

Health: -6/67      AC:  7    Str: 15    XL:     7   Next: 53%
Magic:  7/7        EV: 11    Int: 10    God:    Beogh [**....]
Gold:   279        SH:  2    Dex: 14    Spells: 6/6 levels left

rFire    . . .     SeeInvis .   H - +0 war axe
rCold    . . .     Gourm    .   (no shield)
rNeg     . . .     Faith    .   B - +0 ring mail
rPois    +         Spirit   .   (no helmet)
rElec    .         Reflect  +   (no cloak)
rCorr    .         Harm     .   N - +0 pair of gloves (curse)
MR       .....                  i - +0 pair of boots
Stlth    +.........             E - +2 amulet of reflection
Regen    0.3/turn               o - ring of poison resistance
MPRegen  0.1/turn               (no ring)

@: no status effects
A: no striking features
a: Smiting, Renounce Religion


You were on level 5 of the Dungeon.
You worshipped Beogh.
Beogh was pleased with you.
You were hungry.

You visited 2 branches of the dungeon, and saw 6 of its levels.

You collected 279 gold pieces.

Inventory:

Hand Weapons
 a - a +0 hand axe
 H - a +0 war axe (weapon)
Armour
 b - a +0 robe
 i - a +0 pair of boots (worn)
 B - a +0 ring mail (worn)
 N - a cursed +0 pair of gloves (worn)
Jewellery
 o - a ring of poison resistance (left hand)
 E - a +2 amulet of reflection (around neck)
Scrolls
 d - 4 scrolls of remove curse {unknown}
 g - 2 scrolls of amnesia {unknown}
 k - 2 scrolls of teleportation {unknown}
 G - a scroll of immolation {unknown}
 J - a scroll of identify {unknown}
Potions
 e - 2 potions of degeneration {unknown}
 h - 2 potions of cancellation {unknown}
 D - a potion of heal wounds {unknown}
 F - 2 potions of brilliance {unknown}
 K - 2 potions of curing {unknown}
 L - 3 potions of mutation {unknown}
Comestibles
 c - 2 bread rations
 z - 2 meat rations


   Skills:
 + Level 7.8 Fighting
 + Level 8.2 Axes
 - Level 2.4 Dodging
 - Level 1.5 Stealth


You had 6 spell levels left.
You didn't know any spells.

Dungeon Overview and Level Annotations

Branches:
Dungeon (5/15)             Temple (1/1) D:4

Altars:
Cheibriados
Hepliaklqana
Kikubaaqudgha
Makhleb
Trog


Message History

The jackal bites you but does no damage.
A jackal comes into view.
The jackal bites you but does no damage.
You see here a glowing naga barding.
There is a stone staircase leading up here.
The jackal closely misses you.
You hit the jackal.
The jackal is severely wounded.
You hit the jackal.
The jackal bites you but does no damage.
The jackal barely misses you. The jackal barely misses you.
The jackal bites you but does no damage.
The jackal bites you.
* * * LOW HITPOINT WARNING * * *
There is a stone staircase leading up here.
The jackal barely misses you.
The jackal bites you but does no damage.
The ogre hits you with a giant club!!
You die...

+ #########
#.#.......#
#.#.......# ..
+###.........#
.#
.......@h....#
.#
#.##.#hOh....#
.# #...<...#
.# #.......#
##.#
####.######..#
#.[..Oh..#
#########..#
#.....# #..#
#.....###h.#


You could see an ogre and 3 jackals.

Vanquished Creatures
  An eye of draining (D:3)
  2 ogres
  2 orc priests
  2 hounds
  Jessica (D:2)
  An orc wizard (D:5)
  2 worker ants (D:4)
  2 gnolls (D:3)
  3 adders
  2 shadow imps (D:5)
  3 worms
  2 dart slugs
  2 leopard geckos
  19 orcs
  2 ball pythons
  10 bats
  4 giant cockroaches
  5 goblins
  8 hobgoblins
  6 jackals (D:3)
  3 quokkas
  4 frilled lizards
  8 kobolds
  6 rats
100 creatures vanquished.

Notes
Turn   | Place    | Note
-------+----------+-------------------------------------------
     0 | D:1      | Gorglomux the Hill Orc Monk began the quest for the Orb.
     0 | D:1      | Reached XP level 1. HP: 19/19 MP: 1/1
   136 | D:1      | Reached XP level 2. HP: 24/27 MP: 2/2
   798 | D:1      | Reached XP level 3. HP: 34/34 MP: 3/3
  1179 | D:2      | Found a snail-covered altar of Cheibriados.
  1255 | D:2      | Reached skill level 5 in Axes
  1316 | D:2      | Reached XP level 4. HP: 36/42 MP: 4/4
  1361 | D:2      | Noticed Jessica
  1367 | D:2      | Killed Jessica
  1494 | D:3      | Found an ancient bone altar of Kikubaaqudgha.
  1691 | D:3      | Found a bloodstained altar of Trog.
  1691 | D:3      | Noticed an eye of draining
  1713 | D:3      | Reached XP level 5. HP: 9/48 MP: 0/5
  1740 | D:3      | Killed an eye of draining
  1740 | D:3      | Reached skill level 6 in Fighting
  1740 | D:3      | Reached skill level 6 in Axes
  1941 | D:3      | Reached XP level 6. HP: 47/57 MP: 6/6
  2495 | D:4      | Found a hazy altar of Hepliaklqana.
  2537 | D:4      | Became a worshipper of Beogh the Brigand
  2537 | D:4      | Reached * piety under Beogh
  2537 | D:4      | Reached ** piety under Beogh
  2555 | D:4      | Found a staircase to the Ecumenical Temple.
  2657 | D:4      | Found a burning altar of Makhleb.
  2853 | D:4      | Reached skill level 7 in Axes
  2984 | Temple   | Entered the Ecumenical Temple
  3415 | D:4      | Reached XP level 7. HP: 14/66 MP: 7/7
  3911 | D:5      | Entered Level 5 of the Dungeon
  4071 | D:5      | Reached skill level 8 in Axes
  4244 | D:5      | Mangled by an ogre

Skill      XL: |  1  2  3  4  5  6  7 |
---------------+----------------------+-----
Fighting       | 4 5 6 7 |  7.8
Axes           | 5 6 7 8 |  8.2
Dodging        | |  2.4
Stealth        | |  1.5

Action                   |  1- 3 |  4- 6 |  7- 9 || total
-------------------------+-------+-------+-------++-------
Melee: Hand axe          |   130 |    93 |       ||   223
       War axe           |       |    94 |    40 ||   134
Invok: Convert to Beogh  |       |     1 |       ||     1
 Stab: Sleeping          |     9 |     1 |       ||    10
  Eat: Chunk             |     1 |     6 |     3 ||    10
Armor: Robe              |    12 |       |       ||    12
       Ring mail         |    12 |    51 |    18 ||    81
Dodge: Dodged            |    73 |    97 |    41 ||   211
Block: Other             |       |    12 |     4 ||    16
